 Dungeon Crawl Stone Soup version 0.25-a0-578-gc91f01c39c (webtiles) character file.

Game seed: 11878644190064580630, levelgen mode: deterministic

108 dunjonMagic the Firebug (level 4, -2/39 HPs)
             Began as an Ogre Fire Elementalist on Mar 6, 2020.
             Slain by a centaur (4 damage)
             ... on level 3 of the Dungeon.
             The game lasted 00:04:17 (1945 turns).

dunjonMagic the Firebug (Ogre Fire Elementalist)    Turns: 1945, Time: 00:04:19

Health: -2/39      AC:  3    Str: 12    XL:     4   Next: 87%
Magic:  0/7        EV: 10    Int: 17    God:
Gold:   77         SH:  0    Dex:  9    Spells: 2/7 levels left

rFire    . . .     SeeInvis .   h - +0 short sword
rCold    . . .     Gourm    .   (no shield)
rNeg     . . .     Faith    .   a - +0 robe
rPois    .         Spirit   +   (helmet restricted)
rElec    .         Reflect  .   (no cloak)
rCorr    .         Harm     .   (gloves unavailable)
MR       .....                  (boots unavailable)
Stlth    +.........             f - amulet of guardian spirit
HPRegen  0.13/turn              (no ring)
MPRegen  0.10/turn              (no ring)

@: hasted, very quick
A: large, unfitting armour, tough skin 1
a: no special abilities


You were on level 3 of the Dungeon.
You were hungry.

You visited 1 branch of the dungeon, and saw 3 of its levels.

You collected 77 gold pieces.

Inventory:

Hand Weapons
 h - a +0 short sword (weapon)
Armour
 a - a +0 robe (worn)
Jewellery
 f - an amulet of guardian spirit (around neck)
Scrolls
 b - a scroll of teleportation {unknown}
 e - a scroll of identify {unknown}
 i - a scroll of magic mapping {unknown}
 j - a scroll of remove curse {unknown}
 l - a scroll of enchant weapon {unknown}
 m - a scroll of fear {unknown}
Potions
 d - a potion of flight {unknown}
 g - a potion of heal wounds {unknown}
 k - a potion of haste
Comestibles
 c - 6 rations


   Skills:
 - Level 0.1 Short Blades
 - Level 1.7 Dodging
 - Level 1.4 Stealth
 + Level 2.4 Spellcasting
 - Level 0.8 Conjurations
 - Level 4.9 Fire Magic


You had 2 spell levels left.
You knew the following spells:

 Your Spells              Type           Power        Failure   Level  Hunger
a - Foxfire               Conj/Fire      ##..         5%          1    #......
b - Sticky Flame          Conj/Fire      ##......     50%         4    #####..

Your spell library contained the following spells:

 Spells                   Type           Power        Failure   Level  Hunger
 Conjure Flame            Conj/Fire      ##......     17%         3    ###....
 Inner Flame              Hex/Fire       ##......     21%         3    ###....
 Fireball                 Conj/Fire      ##........   83%         5    ######.


Dungeon Overview and Level Annotations

Branches:
Dungeon (3/15)

Altars:
Xom

Annotations:
D:3 Ijyb


Innate Abilities, Weirdness & Mutations

You are too large for most types of armour.
You have tough skin. (AC +1)


Message History

Confirm with . or Enter, or press ? or * to list all spells.
You conjure some foxfire!
The centaur hits you.
* * * LOW HITPOINT WARNING * * *
The centaur barely misses you.
Unknown command.
Casting: Foxfire (safe; 5% risk of failure)
Confirm with . or Enter, or press ? or * to list all spells.
You conjure some foxfire!
The foxfire hits the centaur.
The centaur is lightly wounded.
The foxfire hits the centaur.
The centaur is moderately wounded.
The centaur hits you!
* * * LOW HITPOINT WARNING * * *
It was a potion of haste.
You feel yourself speed up.
The foxfire hits the centaur.
The centaur is heavily wounded.
The foxfire hits the ball python.
You kill the ball python!
The centaur completely misses you. The centaur hits you.
You die...

#.# #.# #.# #######
#.# ##....<# #.###
#......###.#.##
#.........(....####
##......###§.......
#......##.@.†.###.
#.######.§.c.## #.
##...## # ##.## #.#
#.# ##'# ##...#
##.....##


You could see a centaur.

Vanquished Creatures
  Natasha (thrice) (D:2)
  An ooze (D:1)
  A bat (D:2)
  3 giant cockroaches (D:1)
  8 goblins
  5 hobgoblins
  5 kobolds
  A ball python (D:3)
  A frilled lizard (D:2)
  3 rats
31 creatures vanquished.

Vanquished Creatures (others)
  71 foxfires
71 creatures vanquished.

Grand Total: 102 creatures vanquished

Notes
Turn   | Place    | Note
-------+----------+-------------------------------------------
     0 | D:1      | dunjonMagic the Ogre Fire Elementalist began the quest for
                  | the Orb.
     0 | D:1      | Reached XP level 1. HP: 16/16 MP: 3/3
    57 | D:1      | Reached skill level 3 in Fire Magic
   189 | D:1      | Reached XP level 2. HP: 23/24 MP: 5/5
   664 | D:2      | Noticed Natasha
   690 | D:2      | Reached XP level 3. HP: 31/31 MP: 4/6
   699 | D:2      | Killed Natasha
   699 | D:2      | Reached skill level 4 in Fire Magic
   938 | D:2      | Noticed Natasha
   950 | D:2      | Killed Natasha
   950 | D:2      | Reached XP level 4. HP: 25/39 MP: 3/7
   997 | D:2      | Noticed Natasha
  1009 | D:2      | Killed Natasha
  1193 | D:2      | Found a shimmering altar of Xom.
  1588 | D:3      | Noticed a centaur
  1652 | D:3      | Noticed Ijyb
  1888 | D:2      | Learned a level 4 spell: Sticky Flame
  1945 | D:3      | Slain by a centaur

Levels and vault maps discovered:
D:1:      giann_horns, layout_rooms
D:2:      layout_basic, lemuel_statue_altar, uniq_natasha
D:3:      layout_loops_corners, tgw_trog, uniq_ijyb, uniq_sigmund

Skill      XL: |  1  2  3 |
---------------+----------+-----
Fire Magic     | 3 4 |  4.9
Short Blades   | |  0.1
Dodging        | |  1.7
Stealth        | |  1.4
Spellcasting   | |  2.4
Conjurations   | |  0.8

Action                   |  1- 3 |  4- 6 || total
-------------------------+-------+-------++-------
Melee: Unarmed           |    42 |       ||    42
       Short sword       |       |    12 ||    12
 Cast: Foxfire           |    35 |    10 ||    45
  Use: Potion            |       |     1 ||     1
  Eat: Chunk             |       |     3 ||     3
Armor: Robe              |    18 |     1 ||    19
Dodge: Dodged            |    27 |     8 ||    35

Table legend:
 A = Non-vault XP
 B = Vault XP
 C = Vault XP percentage of total XP
 D = Non-vault monster count
 E = Vault monster count
 F = Vault count percentage of total count
                 A         B        C        D         E       F
            +---------+---------+-------+---------+---------+-------
      Total |     120 |      35 |  22.6 |      30 |       1 |   3.2
            +---------+---------+-------+---------+---------+-------
        D:1 |      29 |       0 |   0.0 |      13 |       0 |   0.0
        D:2 |      90 |      35 |  28.0 |      16 |       1 |   5.9
        D:3 |       1 |       0 |   0.0 |       1 |       0 |   0.0
            +---------+---------+-------+---------+---------+-------
